 Dungeon Crawl Stone Soup version 0.16.0-11-gd45b091 (webtiles) character file.

4104 gasznak the Skirmisher (level 10, -5/63 HPs)
             Began as a Gargoyle Berserker on Mar 17, 2015.
             Was a High Priest of Trog.
             Slain by a boring beetle (17 damage)
             ... on level 8 of the Dungeon.
             The game lasted 01:27:53 (7930 turns).

gasznak the Skirmisher (Gargoyle Berserker)         Turns: 7930, Time: 01:27:54

Health: -5/63      AC: 15    Str: 23    XL:     10   Next: 26%
Magic:  10/10      EV: 13    Int:  9    God:    Trog [*****.]
Gold:   420        SH:  4    Dex:  9    Spells: 0 memorised, 9 levels left

rFire  . . .     SeeInvis .     D - +2 trident (venom)
rCold  . . .     Clarity  +     w - +1 ring mail {rPois}
rNeg   + . .     SustAb   .     k - +0 buckler
rPois  ∞         Gourm    .     (helmet restricted)
rElec  +         Spirit   .     (no cloak)
rCorr  .         Warding  .     l - +0 pair of gloves
rMut   .         Stasis   .     (no boots)
MR     +....                    (no amulet)
Stlth  +.........               (no ring)
                                (no ring)

@: somewhat resistant to hostile enchantments, very unstealthy
A: antennae 1, hooves 1, clarity, magic resistance 1, negative energy resistance
1, electricity resistance, unbreathing, petrification resistance, no device heal
1, rot immunity, AC +7
a: Burn Spellbooks, Berserk, Trog's Hand, Brothers in Arms, Renounce Religion


You were on level 8 of the Dungeon.
You worshipped Trog.
Trog was extremely pleased with you.
You were very hungry.

You visited 2 branches of the dungeon, and saw 9 of its levels.

You collected 420 gold pieces.

Inventory:

Hand weapons
 a - a +0 hand axe
 z - a +0 shortbow
 D - a +2 trident of venom (weapon)
 I - a +2 mace of holy wrath
 J - a +2 dagger of speed
 S - a +0 quarterstaff
Missiles
 C - 51 arrows
 M - 15 arrows of frost
Armour
 k - a +0 buckler (worn)
 l - a +0 pair of gloves (worn)
 u - a +2 helmet
 w - a +1 ring mail of poison resistance (worn)
 E - a +0 plate armour
Magical devices
 o - a wand of flame (30)
 K - a wand of disintegration (15)
 L - a wand of random effects (21)
Scrolls
 b - 2 scrolls of magic mapping {unknown}
 e - 6 scrolls of remove curse
 g - 10 scrolls of identify
 h - a scroll of immolation {unknown}
 n - 3 scrolls of recharging {unknown}
 q - a scroll of blinking {unknown}
 r - 4 scrolls of teleportation {unknown}
 y - a scroll of noise {unknown}
 B - a scroll of fog {unknown}
 N - a scroll of fear {unknown}
 P - a scroll of amnesia {unknown}
Potions
 d - 2 potions of degeneration {unknown}
 f - a potion of agility {unknown}
 i - a potion of lignification {unknown}
 j - a potion of mutation {unknown}
 m - 2 potions of heal wounds {unknown}
 p - 6 potions of poison {unknown}
 s - a potion of ambrosia {unknown}
 x - a potion of resistance {unknown}
 A - a potion of haste {unknown}
 F - a potion of invisibility {unknown}
 G - 2 potions of curing {unknown}
 H - a potion of flight {unknown}
 O - a potion of might {unknown}
 Q - a potion of brilliance {unknown}
Books
 R - a book of the Tempests

   Spells                             Type                      Level
   a - Static Discharge               Conjuration/Air              3
   b - Lightning Bolt                 Conjuration/Air              5
   c - Fireball                       Conjuration/Fire             5
   d - Tornado                        Air                          9
   e - Shatter                        Earth                        9
   Trog disapproves of the use of such an item.
Comestibles
 c - 6 bread rations
 t - a royal jelly
 v - 3 fruits


   Skills:
 + Level 7.6 Fighting
 + Level 5.3(6.0) Axes
 + Level 4.1(5.4) Polearms
 + Level 5.9 Armour
 + Level 7.3 Dodging
 + Level 2.8 Stealth
 + Level 4.3 Shields
 + Level 1.1 Unarmed Combat


You had 9 spell levels left.
You didn't know any spells.

Dungeon Overview and Level Annotations

Branches:
Dungeon (8/15)             Temple (1/1) D:7
   Lair: D:8-11

Altars:
Ashenzari
Cheibriados
Dithmenos
Elyvilon
Fedhas
Gozag
Kikubaaqudgha
Makhleb
Nemelex Xobeh
Okawaru
Qazlal
Ru
Sif Muna
Trog
Vehumet
Xom
Yredelemnul
Zin
The Shining One


Innate Abilities, Weirdness & Mutations

You are resistant to torment.
You are immune to poison.
Your stone body is very resilient (AC +7).
You resist negative energy.
You are resistant to electric shocks.
You can survive without breathing.
You are immune to petrification.
You are immune to rotting.
You have a pair of small antennae on your head.
You have large cloven feet.
You possess an exceptional clarity of mind.
You are resistant to hostile enchantments.
Potions and wands are less effective at restoring your health.


Message History

You hit the goliath beetle.
The goliath beetle is almost dead.
You kill the goliath beetle!
Trog accepts your kill. The boring beetle bites you!!
The boring beetle bites you.
The boring beetle bites you but does no damage.
You hit the boring beetle but do no damage.
The boring beetle is poisoned.
You kick the boring beetle, but do no damage.
You barely miss the boring beetle.
The boring beetle is lightly wounded.
The boring beetle bites you!
* * * LOW HITPOINT WARNING * * *
The boring beetle misses you.
You barely miss the boring beetle.
You kick the boring beetle, but do no damage.
The boring beetle is lightly wounded.
The boring beetle bites you!
You die...

#... #. #........# . ##
.........# ..# #. ..........
...# ###.............
#..#######...$. ..........
#...........##.....######
#.................
###.....B.......#
##.....$†@........
##.......#B...#.... ..
#........#........ ...##
#........#.....$.. .....###
#####........#.................
#.##.........##................
##...........# #.#.............
#.##.........# ###............
#.##.......... ............


You could see 2 boring beetles.

Vanquished Creatures
  Grinder (D:4)
  A two-headed ogre (D:8)
  Eustachio (D:7)
  3 ice beasts
  2 water moccasins (D:6)
  4 orc warriors
  A phantom (D:8)
  3 sky beasts
  A necrophage (D:8)
  An eye of draining (D:8)
  3 centaurs
  Sigmund (D:3)
  Blork the orc (D:4)
  8 giant frogs
  2 goliath beetles (D:8)
  A crimson imp (D:7)
  6 hounds
  6 orc priests
  3 jellies
  An iguana (D:6)
  3 worker ants
  7 orc wizards
  Jessica (D:2)
  A hound skeleton (D:5)
  Robin (D:2)
  11 gnolls
  2 worker ant zombies
  2 shadow imps
  10 adders
  A river rat (D:7)
  2 worms (D:2)
  An adder skeleton (D:8)
  An ooze (D:4)
  26 orcs
  3 giant cockroaches
  27 goblins
  18 hobgoblins
  5 jackals
  6 quokkas
  A ball python (D:2)
  18 bats
  4 giant geckos
  8 giant newts
  18 kobolds
  14 rats
241 creatures vanquished.

Vanquished Creatures (others)
  A goblin (D:2)
1 creature vanquished.

Grand Total: 242 creatures vanquished

Notes
Turn   | Place    | Note
--------------------------------------------------------------
     0 | D:1      | gasznak, the Gargoyle Berserker, began the quest for the Orb.
     0 | D:1      | Reached XP level 1. HP: 14/14 MP: 1/1
   202 | D:1      | Reached XP level 2. HP: 14/19 MP: 2/2
   526 | D:1      | Acquired Trog's second power
   583 | D:1      | Reached XP level 3. HP: 21/23 MP: 3/3
  1480 | D:2      | Reached XP level 4. HP: 20/29 MP: 4/4
  1620 | D:2      | Noticed Jessica
  1644 | D:2      | Killed Jessica
  1644 | D:2      | Reached skill level 4 in Fighting
  1673 | D:2      | Noticed Robin
  1677 | D:2      | Killed Robin
  1774 | D:2      | Found a bloodstained altar of Trog.
  1785 | D:2      | Reached XP level 5. HP: 29/33 MP: 5/5
  2230 | D:3      | Reached skill level 1 in Stealth
  2267 | D:3      | Reached skill level 1 in Shields
  2345 | D:3      | Noticed Sigmund
  2358 | D:3      | Killed Sigmund
  2358 | D:3      | Reached XP level 6. HP: 29/38 MP: 6/6
  2643 | D:3      | Found a sacrificial altar of Ru.
  2756 | D:4      | Noticed Grinder
  2764 | D:4      | Killed Grinder
  2764 | D:4      | Reached skill level 1 in Unarmed Combat
  2764 | D:4      | Reached XP level 7. HP: 44/44 MP: 7/7
  3242 | D:4      | Found a snail-covered altar of Cheibriados.
  3946 | D:5      | Entered Level 5 of the Dungeon
  4155 | D:5      | Reached skill level 5 in Dodging
  4175 | D:5      | Reached XP level 8. HP: 40/48 MP: 8/8
  4185 | D:5      | Gained mutation: You possess an exceptional clarity of mind. [mutagenic meat]
  4186 | D:5      | Gained mutation: Potions and wands are less effective at restoring your health. [mutagenic meat]
  4187 | D:5      | Gained mutation: You have large cloven feet. [mutagenic meat]
  4269 | D:4      | Noticed Blork the orc
  4279 | D:4      | Killed Blork the orc
  4439 | D:6      | Reached skill level 5 in Fighting
  4496 | D:6      | Found a stormy altar of Qazlal.
  4723 | D:6      | Reached skill level 5 in Axes
  4762 | D:6      | Found an opulent altar of Gozag.
  4763 | D:6      | Found a sparkling altar of Nemelex Xobeh.
  4848 | D:6      | Reached XP level 9. HP: 12/55 MP: 9/9
  4850 | D:6      | Acquired Trog's third power
  4915 | D:6      | Reached skill level 6 in Fighting
  5246 | D:6      | Reached skill level 1 in Polearms
  5329 | D:6      | Gained mutation: You are resistant to hostile enchantments. [mutagenic meat]
  5330 | D:6      | Gained mutation: Your mind is acute. (Int +2) [mutagenic meat]
  5539 | D:6      | Reached skill level 5 in Armour
  6087 | D:7      | Gained mutation: You have a pair of small antennae on your head. [mutagenic meat]
  6088 | D:7      | Lost mutation: Your mind is acute. (Int +2) [mutagenic meat]
  6157 | D:7      | Noticed Eustachio
  6177 | D:7      | Killed Eustachio
  6177 | D:7      | Reached skill level 7 in Fighting
  6362 | D:7      | Found a staircase to the Ecumenical Temple.
  6513 | Temple   | Entered the Ecumenical Temple
  6894 | D:8      | Reached XP level 10. HP: 63/63 MP: 10/10
  7255 | D:8      | Found a shattered altar of Ashenzari.
  7392 | D:8      | Found a blossoming altar of Fedhas.
  7509 | D:8      | Found a deep blue altar of Sif Muna.
  7513 | D:8      | Found a shimmering altar of Xom.
  7519 | D:8      | Found a sacrificial altar of Ru.
  7930 | D:8      | Slain by a boring beetle

Action                   |  1- 3 |  4- 6 |  7- 9 | 10-12 || total
-------------------------+-------+-------+-------+-------++-------
Melee: Hand axe          |   123 |   113 |   153 |       ||   389
       Unarmed           |       |    51 |       |       ||    51
       Trident           |       |       |   244 |    82 ||   326
Invok: Berserk           |       |     2 |       |       ||     2
       Trog's Hand       |       |     1 |       |       ||     1
  Use: Scroll            |       |     2 |     1 |       ||     3
 Stab: Sleeping          |       |       |     1 |       ||     1
  Eat: Chunk             |     2 |     5 |    14 |       ||    21
       Meat ration       |       |       |     1 |       ||     1
       Bread ration      |       |       |     1 |       ||     1
       Fruit             |       |       |     1 |       ||     1
